 Dungeon Crawl Stone Soup version 0.32-a0-422-g28b100f618 (webtiles) character file.

Game seed: 14274747813295237957

1063 pokeman the Thaumaturge (level 8, -2/44 HPs)
             Began as a Deep Elf Hedge Wizard on Feb 21, 2024.
             Slain by an ice beast (8 damage)
             ... on level 5 of the Dungeon.
             The game lasted 00:12:05 (5813 turns).

pokeman the Thaumaturge (Deep Elf Hedge Wizard)     Turns: 5813, Time: 00:12:06

Health: -2/44      AC:  5    Str:  7    XL:     8   Next: 6%
Magic:  16/22      EV: 13    Int: 22    God:
Gold:   253        SH:  0    Dex: 14    Spells: 16/24 levels left

rFire   . . .        j - +2 quarterstaff (chaos)
rCold   . . .        (shield currently unavailable)
rNeg    . . .        b - +0 robe
rPois   .            t - +0 helmet
rElec   .            k - +0 cloak
rCorr   .            s - +0 pair of gloves
SInv    .            (no boots)
Will    .....        x - amulet of magic regeneration
Stlth   ++           (no ring)
HPRegen 0.27/turn    (no ring)
MPRegen 0.58/turn

%: no passive effects
@: no status effects
A: no striking features
a: no special abilities


You were on level 5 of the Dungeon.
You visited 1 branch of the dungeon, and saw 5 of its levels.

You collected 253 gold pieces.

Inventory:

Hand Weapons
 j - a +2 quarterstaff of chaos (weapon)
Missiles
 z - 6 curare-tipped darts
Armour
 b - a +0 robe (worn)
 k - a +0 cloak (worn)
 o - a +0 buckler
 s - a +0 pair of gloves (worn)
 t - a +0 helmet (worn)
Magical Staves
 m - a staff of earth
 r - a staff of conjuration
Jewellery
 x - an amulet of magic regeneration (around neck)
Wands
 c - a wand of acid (11)
 l - a wand of paralysis (15)
 n - a wand of mindburst (9)
Scrolls
 a - a scroll of enchant weapon {unknown}
 e - 9 scrolls of identify {unknown}
 f - 5 scrolls of teleportation {unknown}
 h - a scroll of silence {unknown}
 i - a scroll of vulnerability {unknown}
 p - a scroll of revelation {unknown}
 v - 2 scrolls of blinking {unknown}
 w - 2 scrolls of poison {unknown}
 y - a scroll of immolation {unknown}
Potions
 d - 2 potions of magic
 g - a potion of lignification {unknown}
 q - a potion of curing {unknown}
 u - a potion of invisibility {unknown}
 A - a potion of degeneration {unknown}


   Skills:
 - Level 2.0 Fighting
 + Level 1.0 Armour
 - Level 3.0 Dodging
 - Level 3.0 Stealth
 - Level 2.0 Shields
 * Level 8.8 Spellcasting
 + Level 4.6 Conjurations
 - Level 1.1 Summonings
 - Level 1.1 Translocations
 - Level 1.2 Air Magic
 + Level 3.0 Earth Magic
 - Level 1.0 Alchemy
 - Level 1.0 Evocations


You had 16 spell levels left.
You knew the following spells:

 Your Spells              Type           Power      Damage    Failure   Level
a - Magic Dart            Conj           100%       1d8       1%          1
b - Mephitic Cloud        Conj/Alch/Air  19%        N/A       9%          3
c - Call Imp              Summ           28%        N/A       7%          2
d - Blink                 Tloc           28%        N/A       7%          2

Your spell library contained the following spells:

 Spells                   Type           Power      Damage    Failure   Level
 Slow                     Hex            36%        N/A       7%          1
 Cigotuvi's Dreadful Rot  Necr/Alch/Air  24%        N/A       8%          2
 Martyr's Knell           Necr/Summ      12%        N/A       47%         4
 Dispel Undead            Necr           9%         3d8       56%         4
 Death Channel            Necr           4%         N/A       100%        6


Dungeon Overview and Level Annotations

Branches:
Dungeon (5/15)
 Temple: D:4-7

Altars:
Makhleb
Qazlal
Xom
Zin
The Shining One


Message History

Aim: an adder (noxious fumes, lightly wounded, confused, chance to affect: 91%)
Okay, then.
Unknown command.
Unknown command.
You catch the helpless gnoll bouda completely off-guard!
You hit the gnoll bouda.
The gnoll bouda is severely wounded.
The quokka dies!
The adder is engulfed in noxious fumes.
The adder appears confused.
The gnoll bouda is engulfed in noxious fumes.
The gnoll bouda appears confused.
The gnoll bouda misses you.
Your magical contamination has completely faded away.
Unknown command.
You sock the adder! You burn the adder.
The adder is almost dead.
The gnoll bouda is engulfed in noxious fumes.
The gnoll bouda appears confused.
The gnoll misses the ice beast.
The gnoll hits itself with a +2 spear of venom!
The gnoll is killed!
The adder bites you. The ice beast hits you. The ice beast freezes you.
The gnoll bouda wonders, "What am I doing in here?"
The gnoll bouda closely misses you.
The gnoll bouda hits the adder with a +0 club!
The adder is killed!
The ice beast attacks as it pursues you!
The ice beast misses you.
Unknown command.
You barely miss the ice beast.
The gnoll bouda closely misses the ice beast.
The ice beast hits you. The ice beast freezes you!
* * * LOW HITPOINT WARNING * * *
Unknown command.
Casting: Mephitic Cloud (dangerous; 9% risk of failure)
Confirm with . or Enter, or press ? or * to list all spells.
A tiny devil pulls itself out of the air.
The gnoll bouda hits the ice beast with a +0 club.
The ice beast hits you.
* * * LOW HITPOINT WARNING * * *
The ice beast freezes you!
You die...

## .### 5.# #.#
#@# #Y#
......)g○.)...#
.######°)###...
##.. ... #.#.
.#.# .> #


You could see an ice beast (ally target), a gnoll bouda (confused) and a
friendly cerulean imp (summoned).

Vanquished Creatures
  A black bear (D:4)
  2 ogres
  A centaur (D:4)
  A scorpion (D:4)
  A bombardier beetle (D:4)
  3 jellies (D:4)
  An orc priest (D:3)
  Crazy Yiuf (D:2)
  An iguana (D:3)
  Robin (D:3)
  16 gnolls
  6 adders
  3 ribbon worms
  2 dart slugs
  10 orcs
  9 endoplasms
  6 giant cockroaches
  16 hobgoblins
  14 jackals
  8 kobolds
  3 quokkas
  8 ball pythons
  5 bats
  4 frilled lizards
  13 goblins
  6 rats
142 creatures vanquished.

Vanquished Creatures (collateral kills)
  A quokka (D:5)
1 creature vanquished.

Vanquished Creatures (others)
  A scorpion (D:4)
1 creature vanquished.

Grand Total: 144 creatures vanquished

Notes
Turn   | Place    | Note
-------+----------+-------------------------------------------
     0 | D:1      | pokeman the Deep Elf Hedge Wizard began the quest for the
                  | Orb.
     0 | D:1      | Reached XP level 1. HP: 10/10 MP: 7/7
    12 | D:1      | Found a faded altar of an unknown god.
   255 | D:1      | Reached XP level 2. HP: 16/16 MP: 2/9
   593 | D:1      | Reached skill level 5 in Spellcasting
   673 | D:1      | Reached XP level 3. HP: 20/20 MP: 6/11
   680 | D:1      | Learned a level 3 spell: Mephitic Cloud
   683 | D:1      | Learned a level 2 spell: Call Imp
   686 | D:1      | Learned a level 2 spell: Blink
  1262 | D:2      | Reached skill level 1 in Fighting
  1262 | D:2      | Reached skill level 1 in Armour
  1497 | D:2      | Reached XP level 4. HP: 8/25 MP: 4/13
  1505 | D:2      | HP: 1/25 [gnoll/+0 spear (9)]
  2078 | D:2      | Reached skill level 6 in Spellcasting
  2207 | D:2      | Reached XP level 5. HP: 20/29 MP: 2/15
  2575 | D:2      | Found a runed translucent door.
  2576 | D:2      | Noticed Crazy Yiuf
  2645 | D:2      | Found a glowing golden altar of the Shining One.
  3111 | D:2      | Killed Crazy Yiuf
  3112 | D:2      | Reached skill level 1 in Air Magic
  3266 | D:3      | Reached skill level 1 in Alchemy
  3322 | D:3      | Reached XP level 6. HP: 34/34 MP: 13/17
  3405 | D:3      | Noticed Ijyb
  3406 | D:3      | Paralysed by Ijyb for 5 turns
  3415 | D:3      | Ijyb changed into Ijyb the iguana
  3415 | D:3      | Noticed Ijyb
  3420 | D:3      | Killed Ijyb the iguana
  3707 | D:3      | Found a stormy altar of Qazlal.
  3710 | D:3      | Found a burning altar of Makhleb.
  3768 | D:3      | Reached skill level 7 in Spellcasting
  4374 | D:3      | Noticed Robin
  4389 | D:3      | Killed Robin
  4747 | D:4      | Reached skill level 1 in Earth Magic
  4831 | D:4      | Reached skill level 1 in Evocations
  4911 | D:4      | Reached XP level 7. HP: 39/39 MP: 7/19
  4975 | D:4      | Reached skill level 1 in Shields
  5082 | D:4      | Reached skill level 8 in Spellcasting
  5249 | D:4      | Noticed an angel
  5251 | D:4      | Found a shimmering altar of Xom.
  5252 | D:4      | Found a glowing silver altar of Zin.
  5790 | D:5      | Entered Level 5 of the Dungeon
  5808 | D:5      | Reached XP level 8. HP: 37/44 MP: 14/22
  5813 | D:5      | Slain by an ice beast

Illustrated notes

Levels and vault maps discovered:
D:1:      amcnicky_arrival_wind_blow, layout_loops_cross,
          ebering_ecumenical_altar_abandoned, serial_bayou_lagoon_b
D:2:      layout_loops_ring, basic_altar, grunt_decor_cap, minmay_tromino_v4_a,
          uniq_crazy_yiuf_cottage
D:3:      kennysheep_goblin_castle, layout_basic, nicolae_overflow_squiral,
          serial_rivers, chequers_serial_rivers_micro_c,
          chequers_serial_rivers_micro_b, chequers_serial_rivers_micro_e,
          chequers_serial_rivers_room_b, hangedman_decor_growths,
          chequers_serial_rivers_large_a, minmay_misc_feat_diagonals,
          uniq_robin, uniq_ijyb
D:4:      layout_basic, grunt_temple_overflow_order_and_chaos_1,
          kennysheep_generic_room_16
D:5:      layout_rooms, serial_shops, nicolae_shop_back_alley_shop,
          kennysheep_flooded_box, minmay_manual_mares, uniq_eustachio,
          uniq_duvessa

Skill      XL: |  1  2  3  4  5  6  7 |
---------------+----------------------+-----
Spellcasting   | 5 6 7 8 |  8.8
Fighting       | 1 2 |  2.0
Armour         | 1 |  1.0
Conjurations   | 2 3 4 |  4.6
Stealth        | 3 |  3.0
Dodging        | 3 |  3.0
Air Magic      | 1 |  1.2
Alchemy        | 1 |  1.0
Earth Magic    | 1 3 |  3.0
Evocations     | 1 |  1.0
Shields        | 2 |  2.0
Summonings     | |  1.1
Translocations | |  1.1

Action                     |  1- 3 |  4- 6 |  7- 9 || total
---------------------------+-------+-------+-------++-------
  Melee: Dagger            |     7 |     9 |       ||    16
         Quarterstaff      |       |    48 |    39 ||    87
   Cast: Magic Dart        |    91 |   205 |    32 ||   328
         Mephitic Cloud    |     2 |     6 |     8 ||    16
         Call Imp          |     1 |     1 |     1 ||     3
   Stab: Confused          |       |     6 |     5 ||    11
 Armour: Robe              |    17 |    46 |    24 ||    87
  Dodge: Dodged            |    14 |    60 |    40 ||   114

Table legend: (Time is in decaauts)
 A = Elapsed time spent in this place.
 B = Non-inter-level travel time spent in this place.
 C = Inter-level travel time spent in this place.
 D = Time resting spent in this place.
 E = Time spent auto-exploring this place.
 F = Levels seen in this place.
 G = Mean time per level.
                   A        B        C        D        E       F      G
               +--------+--------+--------+--------+--------+-----+--------+
         Total |   5861 |   5722 |    139 |    247 |   4610 |   5 | 1172.2 |
       Dungeon |   5861 |   5722 |    139 |    247 |   4610 |   5 | 1172.2 |
               +--------+--------+--------+--------+--------+-----+--------+

Top non-repeatable levels by time:
     D:2: 1821 daAuts
     D:1: 1440 daAuts
     D:3: 1404 daAuts
     D:4: 1168 daAuts
     D:5: 26 daAuts
